 Dungeon Crawl Stone Soup version 0.21.1-1-g345015fe64 (webtiles) character file.

863 Jens78 the Magician (level 8, -8/50 HPs)
             Began as an Octopode Transmuter on June 6, 2018.
             Killed from afar by Dowan (20 damage)
             ... with a stone arrow
             ... on level 6 of the Dungeon.
             The game lasted 01:12:37 (5663 turns).

Jens78 the Magician (Octopode Transmuter)           Turns: 5663, Time: 01:12:38

Health: -8/50      AC:  1    Str:  9    XL:     8   Next: 3%
Magic:  23/23      EV: 14    Int: 16    God:
Gold:   311        SH:  0    Dex: 14    Spells: 6/16 levels left

rFire    + . .     SeeInvis .   j - +2 short sword (speed)
rCold    . . .     Gourm    .   (no shield)
rNeg     . . .     Faith    .   (helmet restricted)
rPois    .         Spirit   .   (no amulet)
rElec    .         Reflect  .   p - ring of protection from fire
rCorr    .         Harm     .   t - ring of magical power
MR       .....                  (no ring)
Stlth    +++.......             (no ring)
HPRegen  0.16/turn              (no ring)
MPRegen  0.18/turn              (no ring)
                                (no ring)
                                (no ring)

@: no status effects
A: almost no armour, stealthy swim, amphibious, 8 rings, constrict 8, camouflage
1, gelatinous body 1
a: no special abilities


You were on level 6 of the Dungeon.
You were not hungry.

You visited 1 branch of the dungeon, and saw 6 of its levels.

You collected 311 gold pieces.

Inventory:

Hand Weapons
 a - a +0 flail of protection
 j - a +2 short sword of speed (weapon)
 u - a +2 flail of protection
Missiles
 f - 150 stones (quivered)
 g - 41 bolts
 k - 4 javelins
 q - 3 tomahawks
 r - 27 poisoned needles
 s - 51 sling bullets
Jewellery
 p - a ring of protection from fire (left tentacle)
 t - a ring of magical power (right tentacle)
 y - a cursed -2 ring of protection {unknown}
Wands
 x - a wand of iceblast (19)
 z - a wand of flame (34)
Scrolls
 e - a scroll of fog {unknown}
 h - 6 scrolls of identify
 i - 2 scrolls of amnesia {unknown}
 l - 3 scrolls of teleportation {unknown}
 m - 3 scrolls of fear {unknown}
 o - 2 scrolls of enchant weapon {unknown}
 B - a scroll of remove curse {unknown}
Potions
 d - 3 potions of heal wounds {unknown}
 n - 3 potions of curing {unknown}
 v - a potion of flight {unknown}
 w - 2 potions of brilliance {unknown}
 A - 2 potions of might {unknown}
Books
 b - a book of Changes

   Spells                             Type                      Level
   a - Beastly Appendage              Transmutation                1
   b - Sticks to Snakes               Transmutation                2
   c - Spider Form                    Transmutation/Poison         3
   d - Ice Form                       Ice/Transmutation            4
   e - Blade Hands                    Transmutation                5
Comestibles
 c - 8 rations


   Skills:
 + Level 1.9 Fighting
 - Level 3.1 Short Blades
 - Level 0.1 Throwing
 + Level 3.0 Dodging
 + Level 2.2 Stealth
 - Level 3.8 Unarmed Combat
 + Level 4.5 Spellcasting
 + Level 4.2 Transmutations
 * Level 1.1 Ice Magic
 - Level 3.2 Poison Magic


You had 6 spell levels left.
You knew the following spells:

 Your Spells              Type           Power        Failure   Level  Hunger
a - Beastly Appendage     Tmut           ###...       2%          1    None
b - Sticks to Snakes      Tmut           ###.....     4%          2    ##.....
c - Spider Form           Tmut/Pois      ###.......   11%         3    ###....
d - Ice Form              Ice/Tmut       ##......     45%         4    ####...


Dungeon Overview and Level Annotations

Branches:
Dungeon (6/15)
 Temple: D:4-7

Altars:
Elyvilon
Makhleb
Okawaru
Qazlal
Trog
Vehumet
Xom
Zin
The Shining One

Annotations:
D:5 exclusion: downstairs
D:6 Dowan


Innate Abilities, Weirdness & Mutations

You cannot wear most types of armour.
You are very stealthy in the water. (Stealth+)
You are amphibious.
You can wear up to eight rings at the same time.
You can use your tentacles to constrict eight enemies at once.
Your skin changes colour to match your surroundings (Stealth+).
Your rubbery body absorbs attacks. (AC +1, EV +1)


Message History

Dowan casts a spell at you. The stone arrow misses you.
Dowan gestures wildly while chanting.
Dowan blinks!
Dowan mumbles some strange words.
Dowan blinks!
There is an open door here.
You can't go up here!
You can't go down here!
There's nothing to close nearby.
You close the door.
Something unseen opens the door.
You see here a spear.
Dowan says, "Her death will not be in vain!"
Dowan mumbles some strange words.
Dowan blinks!
There is an open door here.
Dowan points at you and mumbles some strange words.
The stone arrow hits you!
You die...

#. #. #.# #. #.# #.# .. #.#
##+## ## #.# ##...##
#.#######.....## ##
##.....##.......## ##.
######..<##.#.........####..
...........@'.).......'.....
#####.<.##.#.........####..
##.###.##.......## ##. ###
#.###e....## ## #.# ##...##
# ..# ##+## # ###


You could see Dowan.

Vanquished Creatures
  Eustachio (D:5)
  Menkaure (D:5)
  Duvessa (D:6)
  A howler monkey (D:4)
  A crimson imp (D:5)
  3 hounds
  2 orc wizards
  2 worker ants (D:4)
  5 gnolls (D:5)
  A howler monkey skeleton (D:4)
  4 adders
  An ooze (D:2)
  An adder zombie (D:5)
  A dart slug (D:1)
  A leopard gecko (D:2)
  11 orcs
  A ball python (D:3)
  2 bats
  3 giant cockroaches
  4 goblins
  2 hobgoblins (D:3)
  4 jackals (D:5)
  3 kobolds
  2 quokkas
  3 frilled lizards
  11 rats
  2 plants (D:5)
74 creatures vanquished.

Vanquished Creatures (collateral kills)
  2 scorpions
  A hound (D:5)
  A gnoll (D:5)
  2 orcs (D:5)
6 creatures vanquished.

Grand Total: 80 creatures vanquished

Notes
Turn   | Place    | Note
-------+----------+-------------------------------------------
     0 | D:1      | Jens78 the Octopode Transmuter began the quest for the Orb.
     0 | D:1      | Reached XP level 1. HP: 13/13 MP: 3/3
   656 | D:2      | Reached XP level 2. HP: 5/18 MP: 3/5
   658 | D:2      | Reached skill level 1 in Stealth
  1316 | D:2      | Reached XP level 3. HP: 22/23 MP: 4/6
  1691 | D:2      | Learned a level 2 spell: Sticks to Snakes
  1695 | D:2      | Learned a level 3 spell: Spider Form
  1746 | D:3      | Found a shimmering altar of Xom.
  2232 | D:3      | Reached XP level 4. HP: 8/28 MP: 7/7
  3484 | D:4      | Reached XP level 5. HP: 32/33 MP: 6/9
  3492 | D:4      | Reached skill level 1 in Short Blades
  3600 | D:4      | Reached skill level 1 in Poison Magic
  3637 | D:5      | Entered Level 5 of the Dungeon
  3637 | D:5      | Noticed Eustachio
  3715 | D:4      | Reached XP level 6. HP: 24/38 MP: 10/10
  3928 | D:4      | Found a glowing silver altar of Zin.
  3987 | D:6      | Noticed Duvessa
  3987 | D:6      | Noticed Dowan
  4544 | D:5      | Found a radiant altar of Vehumet.
  4544 | D:5      | Found a stormy altar of Qazlal.
  4547 | D:5      | Found a glowing golden altar of the Shining One.
  4549 | D:5      | Noticed Menkaure
  4564 | D:5      | Killed Menkaure
  4564 | D:5      | Reached XP level 7. HP: 22/43 MP: 9/12
  4601 | D:5      | Found a bloodstained altar of Trog.
  4601 | D:5      | Found an iron altar of Okawaru.
  4601 | D:5      | Found a burning altar of Makhleb.
  5175 | D:5      | Found a white marble altar of Elyvilon.
  5262 | D:5      | Killed Eustachio
  5280 | D:5      | Learned a level 4 spell: Ice Form
  5636 | D:6      | Killed Duvessa
  5636 | D:6      | Reached skill level 1 in Ice Magic
  5636 | D:6      | Reached XP level 8. HP: 7/50 MP: 14/14
  5663 | D:6      | Killed from afar by Dowan

Skill      XL: |  1  2  3  4  5  6  7 |
---------------+----------------------+-----
Stealth        | 1 2 |  2.2
Short Blades   | 1 2 3 |  3.1
Transmutations | 3 4 |  4.2
Poison Magic   | 1 2 3 |  3.2
Spellcasting   | 3 4 |  4.5
Dodging        | 3 |  3.0
Ice Magic      | 1 |  1.1
Fighting       | |  1.9
Throwing       | |  0.1
Unarmed Combat | |  3.8

Action                   |  1- 3 |  4- 6 |  7- 9 || total
-------------------------+-------+-------+-------++-------
Melee: Unarmed           |    60 |    35 |    59 ||   154
       Constrict         |    19 |    16 |     7 ||    42
       Tentacles         |    13 |    12 |    18 ||    43
       Kick              |     8 |    12 |     9 ||    29
       Short sword       |       |    36 |    61 ||    97
       Punch             |       |       |     3 ||     3
Throw: Stone             |    47 |    38 |     2 ||    87
 Cast: Beastly Appendage |    17 |    13 |     4 ||    34
       Sticks to Snakes  |       |    23 |     9 ||    32
       Spider Form       |       |     4 |     7 ||    11
  Use: Scroll            |       |     3 |       ||     3
 Stab: Sleeping          |    12 |       |       ||    12
  Eat: Chunk             |     4 |     8 |       ||    12
       Ration            |       |     1 |     1 ||     2
Armor: Skin              |     6 |     3 |     3 ||    12
Dodge: Dodged            |    23 |    42 |    49 ||   114
